 Dungeon Crawl Stone Soup version 0.24-a0-249-g2af7e83 (webtiles) character file.

Game seed: 12417369231304223255

807738 mopl the Blood Saint (level 27, -15/229 HPs)
             Began as a Demonspawn Fighter on Apr 11, 2019.
             Was the Champion of Makhleb.
             Blown up by a cacodemon (19 damage)
             ... with a bolt of energy
             ... led by Yjopp
             ... on level 5 of the Realm of Zot on Apr 13, 2019.
             The game lasted 04:35:03 (72394 turns).

mopl the Blood Saint (Demonspawn Fighter)          Turns: 72394, Time: 04:35:04

Health: -15/229    AC: 64    Str: 26    XL:     27
Magic:  40/40      EV: 21    Int: 12    God:    Makhleb [******]
Gold:   9722       SH: 15    Dex: 16    Spells: 12/26 levels left

rFire    + . .     SeeInvis +   a - +9 eveningstar (freeze)
rCold    + + +     Gourm    .   M - +0 shield {reflect}
rNeg     + + .     Faith    .   p - +10 gold dragon scales
rPois    +         Spirit   .   (helmet unavailable)
rElec    +         Reflect  +   u - +0 cloak {+Inv}
rCorr    .         Harm     .   X - +2 pair of gloves
MR       +++..                  Y - +1 pair of boots {Fly}
Stlth    ..........             C - amulet of the Air {Inacc +Fly rElec EV+5 RMsl}
HPRegen  0.88/turn              N - ring of Wupybrop {rC+ rN+ MR+ Dex+2, =R}
MPRegen  0.27/turn              c - ring of see invisible

@: sanguine armour, flying, hasted, lightly drained, repel missiles, very quick
A: horns 3, talons 1, blink, cold resistance 1, icemail, negative energy
resistance 1, powered by death 3, regeneration 1, 50% torment resistance,
evolution 1, black mark, freezing cloud immunity, subdued magic 1, MP-powered
wands, sanguine armour 3
0: Orb of Zot
}: 5/15 runes: decaying, slimy, silver, abyssal, gossamer
a: Blink, Minor Destruction, Lesser Servant of Makhleb, Major Destruction,
Greater Servant of Makhleb, Renounce Religion, Evoke Invisibility, Stop Flying


You were on level 5 of the Realm of Zot.
You worshipped Makhleb.
Makhleb was exalted by your worship.
You were not hungry.

You visited 13 branches of the dungeon, and saw 59 of its levels.
You visited the Abyss 3 times.
You also visited: Sewer, Ice Cave and Wizlab.

You collected 10712 gold pieces.
You spent 990 gold pieces at shops.

Inventory:

Hand Weapons
 a - a +9 eveningstar of freezing (weapon)
Missiles
 o - 5 tomahawks of dispersal
 v - 18 silver javelins
 E - 68 tomahawks (quivered)
 R - 4 throwing nets
Armour
 b - a +0 cloak of magic resistance
 p - +10 gold dragon scales (worn)
 u - a +0 cloak of invisibility (worn)
 M - a +0 shield of reflection (worn)
 X - a +2 pair of gloves (worn)
 Y - a +1 pair of boots of flying (worn)
Jewellery
 c - a ring of see invisible (right hand)
 l - an uncursed ring of resist corrosion
 C - the amulet of the Air (around neck) {Inacc +Fly rElec EV+5 RMsl}
   (You found it on level 4 of the Depths)

   [amulet of inaccuracy]

   It reduces the accuracy of all your attacks.
   It affects your evasion (+5).
   It insulates you from electricity.
   It lets you fly.
   It protects you from missiles.
 K - a +3 ring of slaying
 N - the ring of Wupybrop (left hand) {rC+ rN+ MR+ Dex+2, =R}
   (You found it on level 3 of the Crypt)

   [ring of positive energy]

   It affects your dexterity (+2).
   It protects you from cold.
   It protects you from negative energy.
   It affects your resistance to hostile enchantments.
 W - the ring "Wiuficet" {rF+ Str+6}
   (You found it on level 3 of the Crypt)

   [ring of protection from fire]

   It affects your strength (+6).
   It protects you from fire.
Wands
 r - a wand of clouds (8)
 D - a wand of iceblast (53)
 H - a wand of acid (27)
 L - a wand of enslavement (34)
 O - a wand of paralysis (27)
 Q - a wand of digging (3)
Scrolls
 e - 14 scrolls of magic mapping
 k - 22 scrolls of teleportation
 m - 20 scrolls of identify
 n - 16 scrolls of remove curse
 z - 3 scrolls of blinking
 B - 9 scrolls of fog
 F - 2 scrolls of summoning
 T - a scroll of vulnerability
 U - 12 scrolls of fear
Potions
 d - 2 potions of might
 g - 13 potions of agility
 h - 6 potions of ambrosia
 i - 16 potions of lignification {!q}
 s - a potion of invisibility
 t - 4 potions of heal wounds
 x - 21 potions of curing
 I - 3 potions of cancellation
 P - 2 potions of magic
 S - 2 potions of haste
 V - 5 potions of berserk rage {!q}
Miscellaneous
 j - 4 sacks of spiders
 q - 4 phantom mirrors
 y - a fan of gales
 A - a lamp of fire
 G - a box of beasts
 J - a phial of floods
 Z - a lightning rod (4/4)
Comestibles
 f - 73 rations


   Skills:
 + Level 21.4(21.3) Fighting
 - Level 16.0(15.9) Maces & Flails
 + Level 18.6(18.5) Throwing
 + Level 21.2(21.1) Armour
 + Level 17.7(17.6) Dodging
 - Level 15.0(14.9) Shields
 + Level 4.8 Hexes
 - Level 12.0(11.9) Translocations
 O Level 27(26.8) Invocations
 - Level 15.0(14.9) Evocations


You had 12 spell levels left.
You knew the following spells:

 Your Spells              Type           Power        Failure   Level  Hunger
a - Apportation           Tloc           ###...       2%          1    ##.....
b - Spectral Weapon       Hex/Chrm       #.......     99%         3    ####...
c - Song of Slaying       Chrm           #.......     99%         2    ###....
e - Blink                 Tloc           N/A          3%          2    ###....
f - Portal Projectile     Hex/Tloc       ###...       32%         3    ####...
r - Regeneration          Chrm/Necr      #.........   100%        3    ####...

Your spell library contained the following spells:

 Spells                   Type           Power        Failure   Level  Hunger
 Gell's Gravitas          Tloc           ###.......   8%          3    ####...
 Lesser Beckoning         Tloc           ###.......   8%          3    ####...
 Teleport Other           Tloc           ###.....     8%          3    ####...
 Shroud of Golubria       Chrm/Tloc      ##........   43%         2    ###....
 Confusing Touch          Hex            #.....       45%         1    ##.....
 Corona                   Hex            #......      45%         1    ##.....
 Slow                     Hex            #.......     61%         2    ###....
 Confuse                  Hex            #.......     83%         3    ####...
 Tukima's Dance           Hex            #.......     83%         3    ####...
 Ensorcelled Hibernation  Hex/Ice        #.....       91%         2    ###....
 Force Lance              Conj/Tloc      ##......     97%         4    #####..
 Animate Skeleton         Necr           N/A          98%         1    ##.....
 Beastly Appendage        Tmut           #.....       98%         1    ##.....
 Flame Tongue             Conj/Fire      #....        98%         1    ##.....
 Freeze                   Ice            #...         98%         1    ##.....
 Infusion                 Chrm           #...         98%         1    ##.....
 Magic Dart               Conj           #...         98%         1    ##.....
 Pain                     Necr           #...         98%         1    ##.....
 Sandblast                Erth           #.....       98%         1    ##.....
 Shock                    Conj/Air       #...         98%         1    ##.....
 Sting                    Conj/Pois      #...         98%         1    ##.....
 Summon Butterflies       Summ           #.......     98%         1    ##.....
 Summon Small Mammal      Summ           #...         98%         1    ##.....
 Call Imp                 Summ           #.......     99%         2    ###....
 Corpse Rot               Necr           N/A          99%         2    ###....
 Passwall                 Tmut/Erth      #.......     99%         2    ###....
 Poisonous Vapours        Pois/Air       #.....       99%         2    ###....
 Searing Ray              Conj           #.....       99%         2    ###....
 Swiftness                Chrm/Air       #.......     99%         2    ###....
 Throw Flame              Conj/Fire      #.....       99%         2    ###....
 Throw Frost              Conj/Ice       #.....       99%         2    ###....
 Dazzling Spray           Conj/Hex       #.....       99%         3    ####...
 Inner Flame              Hex/Fire       #.......     99%         3    ####...
 Cause Fear               Hex            #.........   99%         4    #####..
 Dispersal                Tloc           ###.......   99%         6    #######
 Conjure Flame            Conj/Fire      #.......     100%        3    ####...
 Mephitic Cloud           Conj/Pois/Air  #.......     100%        3    ####...
 Ozocubu's Armour         Chrm/Ice       #.......     100%        3    ####...
 Static Discharge         Conj/Air       #.......     100%        3    ####...
 Stone Arrow              Conj/Erth      #.....       100%        3    ####...
 Vampiric Draining        Necr           #.........   100%        3    ####...
 Airstrike                Air            #.........   100%        4    #####..
 Animate Dead             Necr           N/A          100%        4    #####..
 Fulminant Prism          Conj/Hex       #.........   100%        4    #####..
 Ice Form                 Ice/Tmut       #.......     100%        4    #####..
 Iskenderun's Mystic Bla  Conj           #.......     100%        4    #####..
 Leda's Liquefaction      Hex/Erth       #.........   100%        4    #####..
 Olgreb's Toxic Radiance  Pois           #.......     100%        4    #####..
 Petrify                  Tmut/Erth      #.......     100%        4    #####..
 Sticky Flame             Conj/Fire      #.......     100%        4    #####..
 Summon Ice Beast         Ice/Summ       #.......     100%        4    #####..
 Summon Lightning Spire   Summ/Air       #.......     100%        4    #####..
 Throw Icicle             Conj/Ice       #.......     100%        4    #####..
 Alistair's Intoxication  Tmut/Pois      #.......     100%        5    ######.
 Blade Hands              Tmut           #.........   100%        5    ######.
 Bolt of Magma            Conj/Fire/Erth #.........   100%        5    ######.
 Borgnjor's Vile Clutch   Necr/Erth      #.........   100%        5    ######.
 Fireball                 Conj/Fire      #.........   100%        5    ######.
 Iskenderun's Battlesphe  Conj/Chrm      #.......     100%        5    ######.
 Lee's Rapid Deconstruct  Erth           #.........   100%        5    ######.
 Lightning Bolt           Conj/Air       #.........   100%        5    ######.
 Metabolic Englaciation   Hex/Ice        #.........   100%        5    ######.
 Silence                  Hex/Air        #.........   100%        5    ######.
 Summon Forest            Summ/Tloc      ##........   100%        5    ######.
 Venom Bolt               Conj/Pois      #.........   100%        5    ######.
 Yara's Violent Unravell  Hex/Tmut       #.........   100%        5    ######.
 Bolt of Cold             Conj/Ice       #.........   100%        6    #######
 Bolt of Fire             Conj/Fire      #.........   100%        6    #######
 Conjure Ball Lightning   Conj/Air       #.........   100%        6    #######
 Darkness                 Hex            #.........   100%        6    #######
 Deflect Missiles         Chrm/Air       #.........   100%        6    #######
 Freezing Cloud           Conj/Ice/Air   #.........   100%        6    #######
 Hydra Form               Tmut           #.........   100%        6    #######
 Invisibility             Hex            #.......     100%        6    #######
 Iron Shot                Conj/Erth      #.........   100%        6    #######
 Ozocubu's Refrigeration  Ice            #.........   100%        6    #######
 Shadow Creatures         Summ           N/A          100%        6    #######
 Simulacrum               Ice/Necr       #.........   100%        6    #######
 Dragon Form              Tmut           #.........   100%        7    #######
 Haunt                    Necr/Summ      #.........   100%        7    #######
 Orb of Destruction       Conj           #.........   100%        7    #######
 Ring of Flames           Chrm/Fire      #.........   100%        7    #######
 Spellforged Servitor     Conj/Summ      #.........   100%        7    #######
 Summon Hydra             Summ           #.........   100%        7    #######
 Borgnjor's Revivificati  Necr           #.........   100%        8    #######
 Controlled Blink         Tloc           N/A          100%        8    #######
 Death's Door             Chrm/Necr      #.........   100%        8    #######
 Discord                  Hex            #.........   100%        8    #######
 Disjunction              Tloc           ###.......   100%        8    #######
 Infestation              Necr           #.........   100%        8    #######
 Necromutation            Tmut/Necr      #.........   100%        8    #######
 Dragon's Call            Summ           #.........   100%        9    #######
 Tornado                  Air            #.........   100%        9    #######
 Passage of Golubria      Tloc           Unusable     N/A         4    N/A

Dungeon Overview and Level Annotations

Branches:
Dungeon (15/15)            Temple (1/1) D:5            Lair (6/6) D:10
  Swamp (4/4) Lair:4       Spider (4/4) Lair:3        Slime (5/5) Lair:5
    Orc (2/2) D:10            Elf (3/3) Orc:2        Vaults (5/5) D:13
  Crypt (3/3) Vaults:2       Tomb (0/3) Crypt:3      Depths (5/5) D:15
   Hell (1/1)                 Coc (0/7) Hell            Zot (5/5) Depths:5
    Dis: Hell:1         Geh: Hell:1         Tar: Hell:1

Altars:
Ashenzari
Cheibriados
Dithmenos
Elyvilon
Fedhas
Gozag
Hepliaklqana
Kikubaaqudgha
Makhleb
Qazlal
Sif Muna
Trog
Uskayaw
Vehumet
Wu Jian
Xom
Yredelemnul
The Shining One
Beogh
Jiyva

Shops:
D:4 (   D:8 }   D:11 *   Orc:2 *([=   Elf:1 :   Vaults:3 (   Depths:2 %
Depths:3 *

Portals:
Hell: Depths:1 Depths:2 Depths:3 Depths:4 Depths:5
Abyss: Depths:4
Pandemonium: Depths:3 Depths:5
Ziggurat: Depths:4

Annotations:
Elf:2 3 runed translucent doors
Depths:4 mut


Innate Abilities, Weirdness & Mutations

You have a pair of large horns on your head.
Your flesh is cold resistant. (rC+)
A meltable icy envelope protects you from harm. (AC +10)
You resist negative energy. (rN+)
You regenerate a lot of health from kills.
You are somewhat able to resist unholy torments (1 in 2 success).
Your melee attacks may debilitate your foes.
You are immune to freezing clouds.
When seriously injured, your bleeding wounds create very thick armour. (AC +12)
You have sharp toenails.
You can translocate small distances at will.
Your natural rate of healing is unusually fast.
You evolve.
Your spells are a little easier to cast, but a little less powerful.
You expend magic power (3 MP) to strengthen your wands.


Message History

Yjopp bursts into living lightning!
The living lightning hits you! You resist.
Your blood congeals into armour.
Yjopp blinks!
The cacodemon completely misses you. The cacodemon barely misses you.
Unknown command.
You block the cacodemon's attack.
The cacodemon hits you but does no damage.
The lich gestures wildly while chanting.
A shadow demon comes into view.
The ancient lich points at you and mumbles some strange words.
The crystal spear hits you!!!
The shadow demon gestures.
The lich gestures wildly while chanting.
The shadow demon gestures.
The ancient lich points at you and mumbles some strange words.
The crystal spear hits you!!!!
* * * LOW HITPOINT WARNING * * *
The cacodemon gestures at you. The bolt of energy hits you!!
You die...

.# ##..................##
## #.......(............#
# #...^................#
## #....................#
.# #...^................#
.## #....................#
..###...).......^........#
...###.^................##
#..?.##.........@......##
###...................##
#▓▓▓▓▓▓▓▓▓▓▓##^....▓▓
▓▓▓▓..........L....▓▓
##▓.........^..2.2....▓▓
##.......^.......2......▓▓
#..^.............L4.4....▓
▓................2.......▓
▓.......................▓▓


You could see an ancient lich, 2 cacodemons, a lich (invisible), 2 shadow demons
and 2 orange demons.

Vanquished Creatures
  the Royal Jelly (Slime:5)
  Dissolution (Slime:5)
  4 orbs of fire (Zot:5)
  Mara (Vaults:2)
  6 ancient liches
  2 juggernauts
  Boris (twice) (Vaults:3 Depths:5)
  Frederick (Vaults:2)
  6 Killer Klowns
  Margery (Vaults:2)
  A shard shrike (Zot:4)
  4 curse toes
  Bai Suzhen (Vaults:4)
  Geryon (Hell)
  A caustic shrike (Depths:2)
  8 golden dragons
  Nikola (Elf:3)
  2 profane servitors
  2 bone dragons
  A pearl dragon (Depths:4)
  8 liches
  4 electric golems
  Jorgrun (Swamp:2)
  4 titans
  16 tentacled monstrosities
  23 Orb Guardians (Zot:5)
  12 quicksilver dragons
  A deep elf blademaster (Elf:3)
  2 ancient champions (Vaults:2)
  13 death cobs
  18 acid blobs
  19 tentacled starspawn
  An Executioner (Abyss:2)
  20 storm dragons
  A thorn hunter (Swamp:4)
  15 shadow dragons
  Agnes (D:15)
  5 sphinxes
  Kirke (Lair:5)
  A daeva (Abyss:3)
  7 draconian monks
  2 revenants
  Donald (Swamp:4)
  Roxanne (D:14)
  11 tengu reavers
  10 ghost moths
  3 draconian scorchers
  5 draconian knights
  6 azure jellies
  19 fire giants
  4 iron dragons
  13 frost giants
  Louise (Elf:3)
  4 draconian shifters
  2 orc warlords (Orc:2)
  5 deep elf sorcerers
  2 emperor scorpions
  13 vault wardens
  3 balrugs
  12 deep elf elementalists
  2 curse skulls
  The ghost of Gorice the Eclecticist, a journeyman DEFE of Vehumet (D:13)
  A draconian stormcaller (Zot:1)
  2 spriggan defenders
  4 war gargoyles
  4 draconian annihilators
  An angel (Abyss:5)
  35 stone giants
  6 ghouls (Vaults:2)
  5 reapers
  13 ironheart preservers
  12 vampire knights
  3 entropy weavers
  41 very ugly things
  6 black draconians
  5 red draconians
  7 deep elf demonologists
  7 green draconians
  A minotaur (shapeshifter) (D:14)
  A dire elephant (Abyss:5)
  A lorocyproca (Abyss:2)
  7 spark wasps
  18 purple draconians
  6 deep elf annihilators
  10 white draconians
  4 yellow draconians
  A merfolk javelineer (Depths:1)
  8 deep elf death magi
  18 ettins
  A green death (Hell)
  4 eidola
  3 blizzard demons
  6 death oozes (Slime:5)
  9 statues (WizLab)
  14 jiangshi
  10 fire dragons
  A quicksilver dragon zombie (Abyss:3)
  6 deep elf high priests
  14 great orbs of eyes
  13 ogre magi
  A quicksilver dragon skeleton (Crypt:3)
  21 yaktaur captains
  3 spriggan air magi
  14 ice dragons
  6 rakshasas
  3 ghost crabs
  25 hydras
  29 vault guards
  7 death knights
  A two-headed ogre (shapeshifter) (Depths:4)
  12 dancing weapons
  11 centaur warriors
  21 two-headed ogres
  An anaconda (shapeshifter) (Vaults:5)
  8 vampire magi
  11 deep troll earth magi
  3 spriggan berserkers
  36 thrashing horrors
  The ghost of Sassenached the Arsonist, a novice DrFE of Vehumet (D:8)
  4 death yaks (Lair:6)
  2 alligators (shapeshifter)
  6 tengu warriors
  9 alligators
  2 orc high priests
  15 deep troll shamans
  13 hell hogs
  Urug (Lair:6)
  12 deep elf knights
  2 iron golems (Hell)
  13 sun demons
  5 soul eaters
  7 iron trolls
  25 wretched stars
  2 titan skeletons
  8 shadow wraiths
  22 hell knights
  31 deep trolls
  6 sixfirhies
  7 spatial maelstroms
  A spark wasp zombie (Crypt:1)
  A storm dragon skeleton (Vaults:2)
  9 glowing orange brains
  3 spriggan druids
  An unseen horror (shapeshifter) (Vaults:1)
  6 unseen horrors
  29 skeletal warriors
  61 starcursed masses
  An iron giant zombie (Crypt:2)
  15 deep elf archers
  9 swamp dragons
  2 anaconda skeletons
  A lindwurm (shapeshifter) (Vaults:1)
  10 flayed ghosts
  10 ironbrand convokers
  5 wizards
  24 phantasmal warriors
  A golden dragon skeleton (Crypt:3)
  A golden dragon zombie (Crypt:3)
  A harpy (Vaults:1)
  12 necromancers
  A harpy (shapeshifter) (Vaults:2)
  21 orc knights
  26 wolf spiders
  4 shining eyes
  A fire giant zombie (Crypt:1)
  A stone giant zombie (Crypt:1)
  2 frost giant zombies (Crypt:1)
  15 orb spiders
  An orb spider (shapeshifter) (Abyss:2)
  A mana viper (shapeshifter) (Depths:4)
  5 worldbinders
  67 ugly things
  6 orc sorcerers
  71 deep elf magi
  2 tengu skeletons (Vaults:2)
  28 moths of wrath
  A manticore (shapeshifter) (Vaults:4)
  3 manticores
  11 oklob plants (Zot:1)
  2 frost giant skeletons
  2 apocalypse crabs (Abyss:5)
  4 cyclopes
  2 fire giant skeletons
  2 stone giant skeletons (Vaults:2)
  4 black mambas
  18 vault sentinels
  5 elephants (Lair:2)
  5 ice statues
  6 gargoyles
  7 rust devils
  A water nymph (shapeshifter) (Vaults:1)
  An elephant (shapeshifter) (Abyss:5)
  A torpor snail (Spider:2)
  25 smoke demons
  19 spiny frogs
  2 orange demons
  3 eyes of devastation
  Psyche (D:10)
  A hellion (Abyss:3)
  A minotaur zombie (Crypt:1)
  An orc skeleton (Vaults:2)
  A purple draconian zombie (Crypt:2)
  35 yaktaurs
  6 kobold demonologists
  A rime drake (shapeshifter) (Abyss:2)
  A yaktaur (shapeshifter) (Vaults:1)
  5 efreet
  2 komodo dragons (shapeshifter)
  2 emperor scorpion zombies (Crypt:1)
  12 freezing wraiths
  3 hellwings (Abyss:5)
  17 demonic crawlers
  An anaconda simulacrum (Hell)
  2 rime drakes
  5 komodo dragons
  12 red devils
  10 ice devils
  20 ancient zymes
  2 tengu conjurers (Depths:4)
  2 hydra zombies
  42 jumping spiders
  8 polar bears
  A meliai (shapeshifter) (Vaults:3)
  A black draconian skeleton (Crypt:2)
  A troll (shapeshifter) (Vaults:2)
  17 trolls
  A merfolk (shapeshifter) (Vaults:5)
  2 polar bears (shapeshifter)
  A queen bee (shapeshifter) (Vaults:1)
  A wind drake (shapeshifter) (Depths:2)
  28 hornets
  96 slime creatures
  A blink frog (shapeshifter) (Depths:2)
  9 tyrant leeches
  A wolf spider simulacrum (Crypt:1)
  11 blink frogs
  A hippogriff (shapeshifter) (Vaults:1)
  An ice dragon zombie (Crypt:3)
  58 raiju
  2 dream sheep (Lair:6)
  A fire dragon zombie (Crypt:1)
  An alligator zombie (Crypt:1)
  4 bog bodies
  2 ettin zombies
  2 hydra skeletons
  7 hippogriffs
  7 shadows
  85 redbacks
  15 flying skulls
  A guardian serpent skeleton (Crypt:2)
  An ettin skeleton (Vaults:2)
  21 spriggans
  6 vampires
  2 tarantellas (shapeshifter)
  2 air elementals (Elf:1)
  39 tarantellas
  14 wraiths
  2 ice dragon skeletons
  9 hogs
  20 ynoxinuls
  2 black mamba skeletons (Crypt:3)
  7 fire elementals
  A yak (shapeshifter) (Depths:3)
  A fire dragon skeleton (Crypt:1)
  6 hungry ghosts
  2 basilisks
  6 water elementals
  50 yaks
  6 golden eyes (Slime:4)
  A human (shapeshifter) (Vaults:5)
  A human (D:7)
  2 basilisks (shapeshifter)
  A golden eye (shapeshifter) (Vaults:5)
  Menkaure (D:5)
  10 chaos spawn
  15 neqoxecs
  6 spatial vortices (Abyss:3)
  10 wargs
  18 vampire mosquitoes
  A hog (shapeshifter) (Vaults:3)
  53 large abominations
  An insubstantial wisp (Abyss:3)
  40 small abominations
  13 swamp worms
  A spiny frog zombie (Hell)
  3 acid dragons
  2 hydra simulacra
  7 water moccasins
  11 porcupines
  16 hell hounds
  5 floating eyes (Depths:4)
  58 orc warriors
  A deep troll skeleton (Crypt:2)
  12 swamp drakes
  5 sky beasts
  9 black bears
  2 eyes of draining
  An ice beast (shapeshifter) (Vaults:5)
  An orc zombie (Vaults:1)
  A snapping turtle zombie (Crypt:1)
  4 necrophages
  An eye of draining (shapeshifter) (Depths:3)
  5 ice beasts
  2 snapping turtle skeletons
  14 boggarts
  2 human zombies
  3 phantoms
  A centaur (shapeshifter) (Depths:2)
  A swamp dragon zombie (Crypt:1)
  23 centaurs
  25 wolves
  A manticore skeleton (Crypt:1)
  34 ogres
  An elf skeleton (Vaults:2)
  13 crocodiles
  7 big kobolds
  2 big kobolds (shapeshifter)
  Blork the orc (D:5)
  17 bullfrogs
  A wyvern zombie (D:9)
  7 human skeletons
  A yaktaur skeleton (Crypt:2)
  2 gnoll sergeants
  4 earth elementals
  3 wyvern skeletons
  6 scorpions
  4 killer bees
  A spriggan zombie (Crypt:2)
  26 wights
  A howler monkey (shapeshifter) (Vaults:5)
  2 howler monkeys (D:9)
  2 electric eels
  15 crimson imps
  A raiju skeleton (Crypt:1)
  A human simulacrum (Vaults:2)
  3 bullfrog zombies
  3 centaur zombies
  7 quasits
  A wolf skeleton (Crypt:1)
  38 orc wizards
  3 hounds
  4 centaur skeletons
  A gnoll shaman (D:8)
  27 orc priests
  7 iron imps
  3 jellies
  2 bullfrog skeletons
  Terence (D:3)
  4 iguanas
  12 worker ants
  3 troll simulacra (IceCv)
  A spriggan simulacrum (IceCv)
  A killer bee zombie (D:8)
  A naga zombie (Crypt:1)
  3 centaur simulacra (IceCv)
  A hound zombie (D:6)
  4 hound skeletons
  2 naga simulacra (IceCv)
  13 gnolls
  11 adders
  A howler monkey skeleton (Crypt:2)
  An ogre simulacrum (IceCv)
  4 shadow imps
  8 white imps
  5 ufetubi
  4 oozes
  A halfling skeleton (Crypt:1)
  2 adder skeletons
  2 worms
  2 dart slugs
  4 leopard geckos
  113 orcs
  9 bats
  10 giant cockroaches
  7 goblins
  6 hobgoblins
  11 jackals
  30 kobolds
  4 quokkas
  4 ball pythons
  7 frilled lizards
  A jackal skeleton (D:8)
  A quokka zombie (D:7)
  9 rats
  A fungus (Zot:1)
  19 starspawn tentacles
3345 creatures vanquished.

Vanquished Creatures (collateral kills)
  2 orbs of fire (Zot:5)
  A juggernaut (Depths:4)
  Boris (Crypt:3)
  the Lernaean hydra (Swamp:4)
  An electric golem (Zot:5)
  Rupert (D:12)
  2 Orb Guardians (Zot:5)
  A deep elf blademaster (Elf:3)
  2 deep elf master archers (Elf:3)
  Asterion (Elf:3)
  A titan (Depths:4)
  A sphinx (Depths:4)
  A deep elf sorcerer (Elf:3)
  An emperor scorpion (Spider:4)
  A ghost moth (Spider:4)
  3 deep elf demonologists (Elf:3)
  A spark wasp (Depths:4)
  A deep elf death mage (Elf:3)
  A hydra (Swamp:4)
  An alligator (Swamp:3)
  A spriggan druid (Swamp:3)
  A deep elf archer (Elf:1)
  A cyclops (Orc:1)
  2 deep elf magi (Elf:1)
  A moth of wrath (Zot:5)
  A hornet (Spider:4)
  2 tyrant leeches (Swamp:3)
  A slime creature (Swamp:3)
  3 vampire mosquitoes
  A swamp worm (Swamp:3)
  An orc warrior (Orc:1)
  2 swamp drakes
  A necrophage (D:8)
  2 orc wizards (Orc:1)
  An orc (Orc:1)
46 creatures vanquished.

Vanquished Creatures (others)
  Boris (Depths:3)
  A golden dragon (Zot:4)
  A lich (Abyss:3)
  A tentacled monstrosity (Vaults:3)
  A fire giant (Vaults:5)
  A stone giant (Depths:3)
  3 yaktaur captains
  An ice dragon (Vaults:4)
  A hell hog (Abyss:5)
  2 deep elf archers (Vaults:2)
  A necromancer (Crypt:1)
  A cyclops (Vaults:1)
  4 yaktaurs
  A raiju (Abyss:5)
  A frost giant simulacrum (Abyss:3)
  A flying skull (Crypt:1)
  An alligator skeleton (Hell)
  A human (Lair:6)
  A chaos spawn (Abyss:5)
  2 spatial vortices (Abyss:3)
  An orc warrior (Vaults:2)
  An ogre (Vaults:3)
  A centaur (Depths:2)
  A jelly (Abyss:5)
  An adder skeleton (Crypt:1)
  An orc (Orc:2)
  7 fungi
  9 lurking horrors
  13 plants
  32 starspawn tentacles
94 creatures vanquished.

Grand Total: 3485 creatures vanquished

Notes
Turn   | Place    | Note
-------+----------+-------------------------------------------
     0 | D:1      | mopl the Demonspawn Fighter began the quest for the Orb.
     0 | D:1      | Reached XP level 1. HP: 18/18 MP: 1/1
    67 | D:1      | Reached skill level 2 in Maces & Flails
   145 | D:1      | Gained mutation: When seriously injured, your bleeding
                  | wounds create armour. (AC +12) [demonic ancestry]
   145 | D:1      | Reached XP level 2. HP: 20/24 MP: 2/2
   680 | D:2      | Reached skill level 3 in Maces & Flails
   717 | D:2      | Reached XP level 3. HP: 20/29 MP: 3/3
  1033 | D:2      | Reached skill level 4 in Maces & Flails
  1033 | D:2      | Gained mutation: Your flesh is cold resistant. (rC+)
                  | [demonic ancestry]
  1033 | D:2      | Reached XP level 4. HP: 23/35 MP: 4/4
  1044 | D:2      | Found a white marble altar of Elyvilon.
  1096 | D:2      | Noticed a gnoll sergeant
  1373 | D:3      | Killed a gnoll sergeant
  1373 | D:3      | Reached XP level 5. HP: 13/41 MP: 5/5
  1629 | D:2      | Reached skill level 5 in Maces & Flails
  2296 | D:3      | Found a shimmering altar of Xom.
  2324 | D:3      | Noticed Terence
  2332 | D:3      | Killed Terence
  2383 | D:3      | Learned a level 1 spell: Apportation
  2553 | D:3      | Found a hazy altar of Hepliaklqana.
  3040 | D:3      | Found an ancient bone altar of Kikubaaqudgha.
  3041 | D:3      | Found a deep blue altar of Sif Muna.
  3043 | D:3      | Found a radiant altar of Vehumet.
  3047 | D:3      | Identified Vehumet's Guide on Combat Magic
  3382 | D:4      | HP: 1/41 [something/magic dart (5)]
  3389 | D:4      | HP: 3/61 [something/puff of frost (2)]
  3391 | D:4      | Gained mutation: You are clumsy. (Dex -2) [potion of
                  | mutation]
  3391 | D:4      | Gained mutation: You are robust. (+10% HP) [potion of
                  | mutation]
  3391 | D:4      | Gained mutation: Your natural rate of healing is unusually
                  | fast. [potion of mutation]
  3406 | D:4      | Reached XP level 6. HP: 13/51 MP: 6/6
  3490 | D:4      | Reached skill level 6 in Maces & Flails
  3836 | D:4      | Found Peisuapral's Weapon Shoppe.
  4064 | D:5      | Entered Level 5 of the Dungeon
  4064 | D:5      | Noticed Grinder
  4065 | D:5      | Noticed Grinder
  4065 | D:5      | Grinder changed into Grinder the iron imp
  4076 | D:5      | Killed Grinder the iron imp
  4102 | D:5      | Found a glowing drain.
  4142 | Sewer    | Entered a sewer
  4254 | Sewer    | Reached skill level 7 in Maces & Flails
  4296 | Sewer    | Gained mutation: You have a pair of small horns on your
                  | head. [demonic ancestry]
  4296 | Sewer    | Reached XP level 7. HP: 57/57 MP: 7/7
  4468 | D:5      | Reached skill level 3 in Armour
  4479 | D:5      | Noticed Blork the orc
  4501 | D:5      | Killed Blork the orc
  4614 | D:5      | Found a staircase to the Ecumenical Temple.
  4631 | Temple   | Entered the Ecumenical Temple
  4647 | Temple   | Became a worshipper of Makhleb the Destroyer
  4753 | D:5      | Reached skill level 1 in Invocations
  4764 | D:5      | Found a hide-covered altar of Uskayaw.
  4803 | D:5      | Noticed Menkaure
  4814 | D:5      | Killed Menkaure
  4814 | D:5      | Reached skill level 2 in Invocations
  5011 | D:6      | Reached skill level 8 in Maces & Flails
  5028 | D:6      | Found a snail-covered altar of Cheibriados.
  5072 | D:5      | Gained mutation: When seriously injured, your bleeding
                  | wounds create thick armour. (AC +12) [demonic ancestry]
  5072 | D:5      | Reached XP level 8. HP: 63/63 MP: 9/9
  5208 | D:6      | Reached skill level 4 in Armour
  5222 | D:6      | Reached skill level 3 in Invocations
  5629 | D:7      | Reached skill level 4 in Invocations
  5634 | D:7      | Reached * piety under Makhleb
  5690 | D:7      | Reached skill level 9 in Maces & Flails
  5738 | D:7      | Reached skill level 5 in Invocations
  5996 | D:7      | Found a glowing golden altar of the Shining One.
  6129 | D:7      | Reached skill level 5 in Armour
  6129 | D:7      | Gained mutation: You regenerate a little health from kills.
                  | [demonic ancestry]
  6129 | D:7      | Reached XP level 9. HP: 54/69 MP: 12/12
  6195 | D:7      | Reached skill level 6 in Invocations
  6509 | D:8      | Reached skill level 10 in Maces & Flails
  6717 | D:8      | Reached ** piety under Makhleb
  6771 | D:8      | Reached skill level 6 in Armour
  6771 | D:8      | Reached skill level 7 in Invocations
  6950 | D:8      | Found an opulent altar of Gozag.
  6950 | D:8      | Found a blossoming altar of Fedhas.
  6962 | D:8      | Found Goidood's Gadget Shoppe.
  7036 | D:8      | Found a bloodstained altar of Trog.
  7185 | D:8      | Found a runed translucent gate.
  7186 | D:8      | Found a runed translucent gate.
  7186 | D:8      | Found a runed translucent gate.
  7217 | D:8      | Noticed Sassenached's ghost (novice DrFE)
  7218 | D:8      | Noticed a ten-headed hydra
  7387 | D:9      | Noticed a two-headed ogre
  7415 | D:8      | Killed a two-headed ogre
  7415 | D:8      | Reached XP level 10. HP: 42/77 MP: 15/15
  7473 | D:9      | Noticed a two-headed ogre
  7524 | D:8      | Killed a two-headed ogre
  7524 | D:8      | Reached skill level 11 in Maces & Flails
  7524 | D:8      | Reached skill level 8 in Invocations
  7749 | D:9      | Reached skill level 7 in Armour
  7783 | D:9      | Reached *** piety under Makhleb
  8404 | D:10     | Entered Level 10 of the Dungeon
  8452 | D:10     | Noticed Psyche
  8469 | D:10     | Killed Psyche
  8469 | D:10     | Reached skill level 9 in Invocations
  8802 | D:10     | Reached skill level 12 in Maces & Flails
  8836 | D:10     | Gained mutation: You are immune to freezing clouds.
                  | [demonic ancestry]
  8836 | D:10     | Reached XP level 11. HP: 52/80 MP: 18/18
  8853 | D:10     | Reached **** piety under Makhleb
  8934 | D:10     | Found a staircase to the Lair.
  9098 | D:10     | Reached skill level 10 in Invocations
  9150 | D:10     | Reached skill level 8 in Armour
  9257 | D:10     | Found a staircase to the Orcish Mines.
  9262 | D:10     | Got an ivory quarterstaff
  9263 | D:10     | Identified the cursed +1 quarterstaff "Gaxkiwk" {protect,
                  | MR+ Dex-5 SInv} (You found it on level 10 of the Dungeon)
  9569 | D:10     | Reached skill level 1 in Throwing
 10035 | Orc:1    | Entered Level 1 of the Orcish Mines
 10184 | Orc:1    | Found a frozen archway.
 10185 | Orc:1    | Noticed an ice dragon
 10222 | Orc:1    | Killed an ice dragon
 10222 | Orc:1    | Reached skill level 4 in Fighting
 10222 | Orc:1    | Reached skill level 2 in Throwing
 10234 | Orc:1    | Reached ***** piety under Makhleb
 10259 | IceCv    | Entered an ice cave
 10647 | IceCv    | Reached skill level 13 in Maces & Flails
 10684 | IceCv    | Noticed a necromancer
 10694 | IceCv    | Killed a necromancer
 10694 | IceCv    | Reached skill level 3 in Throwing
 10703 | IceCv    | Got a shimmering triple crossbow
 10704 | IceCv    | Identified the cursed +1 triple crossbow "Qotu" {flame,
                  | SInv} (You found it in an ice cave)
 10730 | IceCv    | Got a slimy robe
 10741 | IceCv    | Identified the cursed +0 robe of Kakhatte {Str+6} (You
                  | found it in an ice cave)
 10943 | D:11     | Noticed a green ugly thing
 10957 | D:11     | Killed a green ugly thing
 10957 | D:11     | Reached skill level 11 in Invocations
 10957 | D:11     | Gained mutation: You regenerate health from kills. [demonic
                  | ancestry]
 10957 | D:11     | Reached XP level 12. HP: 90/90 MP: 20/20
 11297 | D:11     | Reached skill level 5 in Fighting
 11305 | D:11     | Found Seblaawo's Assorted Antiques.
 11308 | D:11     | Bought a scroll of identify for 60 gold pieces
 11308 | D:11     | Bought a scroll labeled INWIDE YMAOP for 30 gold pieces
 11308 | D:11     | Bought a scroll labeled INWIDE YMAOP for 30 gold pieces
 11308 | D:11     | Bought a scroll labeled FAUTWO ADEG for 30 gold pieces
 11308 | D:11     | Bought a pair of embroidered gloves for 225 gold pieces
 11428 | D:11     | Noticed a two-headed ogre
 12072 | Lair:1   | Entered Level 1 of the Lair of Beasts
 12438 | Lair:1   | Reached skill level 9 in Armour
 12788 | Lair:2   | Noticed Sonja
 12791 | Lair:2   | Noticed Sonja
 12791 | Lair:2   | Sonja changed into Sonja the sky beast
 12796 | Lair:2   | Killed Sonja the sky beast
 12902 | Lair:2   | Learned a level 2 spell: Song of Slaying
 12906 | Lair:2   | Learned a level 3 spell: Spectral Weapon
 12910 | Lair:2   | Learned a level 3 spell: Regeneration
 13060 | Lair:2   | Reached skill level 4 in Throwing
 13719 | Lair:3   | Reached skill level 6 in Fighting
 13783 | Lair:3   | Found a hole to the Spider Nest.
 14073 | Lair:3   | Reached skill level 12 in Invocations
 14235 | Lair:3   | Reached skill level 14 in Maces & Flails
 14413 | Lair:4   | Noticed a six-headed hydra
 14420 | Lair:4   | Killed a six-headed hydra
 14420 | Lair:4   | Reached skill level 5 in Throwing
 14420 | Lair:4   | Gained mutation: You have a pair of horns on your head.
                  | [demonic ancestry]
 14420 | Lair:4   | Reached XP level 13. HP: 100/100 MP: 22/22
 14470 | Lair:4   | Found a staircase to the Swamp.
 14482 | Lair:4   | Identified a scroll of acquirement
 14502 | Lair:4   | Got a translucent leather armour
 14528 | Lair:4   | Reached skill level 1 in Evocations
 14529 | Lair:4   | Found a radiant altar of Vehumet.
 15270 | Lair:5   | Found a viscous altar of Jiyva.
 15271 | Lair:5   | Found a staircase to the Slime Pits.
 15275 | Lair:5   | Found a hazy altar of Hepliaklqana.
 15863 | Lair:6   | Entered Level 6 of the Lair of Beasts
 15892 | Lair:6   | Noticed Kirke
 15910 | Lair:5   | Reached skill level 2 in Evocations
 16082 | Lair:5   | Killed Kirke
 16273 | Lair:6   | Noticed Urug
 16329 | Lair:6   | Killed Urug
 16329 | Lair:6   | Reached skill level 7 in Fighting
 16683 | Lair:6   | Reached skill level 3 in Evocations
 16706 | Lair:6   | Reached skill level 10 in Armour
 16795 | Lair:6   | Reached ****** piety under Makhleb
 16883 | Lair:6   | Reached skill level 6 in Throwing
 17012 | Lair:6   | Reached skill level 13 in Invocations
 17184 | Lair:6   | Reached skill level 4 in Evocations
 17212 | Lair:6   | Reached XP level 14. HP: 101/113 MP: 23/23
 17520 | Lair:6   | Paralysed by a hornet for 1 turns
 18197 | Orc:2    | Entered Level 2 of the Orcish Mines
 18407 | D:12     | Reached skill level 8 in Fighting
 18589 | D:12     | Reached skill level 15 in Maces & Flails
 18634 | D:12     | Noticed Rupert
 18645 | D:12     | Killed Rupert
 19002 | D:13     | Found a runed translucent gate.
 19003 | D:13     | Found a runed translucent gate.
 19003 | D:13     | Noticed Gorice's ghost (journeyman DEFE)
 19004 | D:13     | Found a runed translucent gate.
 19276 | D:13     | Found a gate to the Vaults.
 19333 | D:13     | Reached skill level 5 in Evocations
 19347 | D:13     | Reached skill level 7 in Throwing
 20142 | D:14     | Paralysed by a hornet for 3 turns
 20155 | D:14     | Paralysed by a hornet for 2 turns
 20414 | D:14     | Reached skill level 14 in Invocations
 20711 | D:14     | Noticed Roxanne
 21145 | Orc:2    | Reached skill level 11 in Armour
 21145 | Orc:2    | Reached XP level 15. HP: 82/123 MP: 25/25
 21389 | Orc:1    | Reached skill level 9 in Fighting
 22011 | Orc:2    | Found a staircase to the Elven Halls.
 22148 | Orc:2    | Noticed an orc warlord
 22148 | Orc:2    | Noticed an orc warlord
 22171 | Orc:2    | Killed an orc warlord
 22189 | Orc:2    | Killed an orc warlord
 22203 | Orc:2    | Reached skill level 8 in Throwing
 22320 | Orc:2    | Found a roughly hewn altar of Beogh.
 22351 | Orc:2    | Found Kioratem's Antique Armour Boutique.
 22392 | Orc:2    | Reached skill level 16 in Maces & Flails
 22428 | Orc:2    | Found Xetolan's Jewellery Boutique.
 22493 | Orc:2    | Found Ruoxax's Antique Weapon Boutique.
 22589 | Orc:2    | Found Ribohas's General Store.
 22595 | Orc:2    | Bought a potion of heal wounds for 80 gold pieces
 22848 | D:15     | Entered Level 15 of the Dungeon
 22858 | D:15     | Found a staircase to the Depths.
 22859 | D:15     | Noticed a fire giant
 22887 | D:15     | Killed a fire giant
 23503 | D:15     | Noticed Agnes
 23522 | D:15     | Killed Agnes
 23682 | D:15     | Reached skill level 10 in Fighting
 23769 | D:15     | Found a shadowy altar of Dithmenos.
 24002 | D:8      | Reached skill level 15 in Invocations
 24014 | D:8      | Killed Sassenached's ghost
 24025 | D:8      | Got a brightly glowing scimitar
 24026 | D:8      | Identified the cursed +3 scimitar of the People {freeze,
                  | Int+3 Dex+3} (You found it on level 8 of the Dungeon)
 24141 | Swamp:1  | Entered Level 1 of the Swamp
 24165 | Swamp:1  | Reached skill level 1 in Dodging
 24895 | Swamp:2  | Reached skill level 9 in Throwing
 25091 | Swamp:2  | Reached skill level 2 in Dodging
 25094 | Swamp:2  | Noticed Jorgrun
 25122 | Swamp:2  | Killed Jorgrun
 25248 | Swamp:2  | Reached XP level 16. HP: 135/135 MP: 27/27
 25595 | Swamp:2  | Found a deep blue altar of Sif Muna.
 25728 | Swamp:3  | Reached skill level 12 in Armour
 26057 | Swamp:3  | Reached skill level 3 in Dodging
 26730 | Swamp:3  | Identified the +7 plate armour "Kemmul" {-Cast rPois rCorr
                  | Str+4} (You found it on level 3 of the Swamp)
 26762 | Swamp:3  | Got a pitted shield
 26768 | Swamp:3  | Identified the +3 shield of Satisfaction {rF- rC+ MR++}
                  | (You found it on level 3 of the Swamp)
 26975 | Swamp:4  | Entered Level 4 of the Swamp
 26975 | Swamp:4  | Noticed a thorn hunter
 26994 | Swamp:4  | Killed a thorn hunter
 27069 | Swamp:4  | Reached skill level 4 in Dodging
 27233 | Swamp:4  | Noticed Donald
 27251 | Swamp:4  | Killed Donald
 27251 | Swamp:4  | Reached skill level 11 in Fighting
 27574 | Swamp:4  | Reached skill level 16 in Invocations
 27707 | Swamp:4  | Reached skill level 3 in Shields
 27773 | Swamp:4  | Noticed the 27-headed Lernaean hydra
 27781 | Swamp:4  | Killed the 25-headed Lernaean hydra
 27781 | Swamp:4  | Reached skill level 10 in Throwing
 27832 | Swamp:4  | Reached skill level 5 in Dodging
 27955 | Swamp:4  | Got a decaying rune of Zot
 28342 | Spider:1 | Entered Level 1 of the Spider Nest
 28412 | Spider:1 | Reached skill level 4 in Shields
 28544 | Spider:1 | Gained mutation: A meltable icy envelope protects you from
                  | harm. (AC +10) [demonic ancestry]
 28544 | Spider:1 | Reached XP level 17. HP: 140/144 MP: 29/29
 29543 | Spider:2 | Reached skill level 6 in Dodging
 29836 | Spider:2 | Reached skill level 5 in Shields
 30108 | Spider:2 | Upgraded the game from 0.24-a0-244-ga6a6ab7 to
                  | 0.24-a0-246-gb963c9a
 30310 | Spider:3 | Reached skill level 13 in Armour
 31313 | Spider:4 | Entered Level 4 of the Spider Nest
 31504 | Spider:4 | Reached skill level 12 in Fighting
 31610 | Spider:4 | Identified the +7 glaive "Trog's Fury" {freeze, rPois rF+++
                  | Int-2 Stlth+} (You found it on level 4 of the Spider Nest)
 31739 | Spider:4 | Reached skill level 17 in Invocations
 32628 | Spider:4 | Reached skill level 6 in Shields
 32636 | Spider:4 | Reached skill level 11 in Throwing
 32636 | Spider:4 | Reached skill level 7 in Dodging
 32892 | Spider:4 | Got a gossamer rune of Zot
 33126 | Elf:1    | Entered Level 1 of the Elven Halls
 33148 | Orc:2    | Gained mutation: You regenerate a lot of health from kills.
                  | [demonic ancestry]
 33148 | Orc:2    | Reached XP level 18. HP: 80/155 MP: 30/30
 33418 | Elf:1    | Found Feguoj's Book Emporium.
 34612 | Elf:2    | Identified the cursed +0 scale mail of the Eight Continents
                  | {MP+9 SInv} (You found it on level 2 of the Elven Halls)
 35023 | Elf:2    | Reached skill level 7 in Shields
 35186 | Elf:2    | Found a runed translucent gate.
 35186 | Elf:2    | Found a runed translucent gate.
 35187 | Elf:2    | Found a runed translucent gate.
 35231 | Elf:3    | Entered Level 3 of the Elven Halls
 35667 | Elf:3    | Reached skill level 8 in Dodging
 35738 | Elf:3    | Noticed Louise
 35750 | Elf:3    | Killed Louise
 36489 | Elf:3    | Reached skill level 13 in Fighting
 36582 | Elf:3    | Identified the ring "Tatium" {rElec Str-5 Int+6 SInv}
 36673 | Elf:3    | Reached skill level 18 in Invocations
 36716 | Elf:3    | Identified the +4 ring mail "Kotz" {rF+++ MP-9 Int+2
                  | Slay+5}
 36748 | Elf:3    | Cast into level 2 of the Abyss (a deep elf sorcerer)
 36779 | Abyss:3  | Found a corrupted altar of Lugonu.
 37129 | Abyss:4  | Noticed a lich
 37147 | Abyss:4  | Killed a lich
 37331 | Elf:3    | Escaped the Abyss
 37377 | Elf:3    | Cast into level 2 of the Abyss (a deep elf demonologist)
 37378 | Abyss:2  | Found a corrupted altar of Lugonu.
 37436 | Abyss:2  | Gained mutation: You have a pair of large horns on your
                  | head. [demonic ancestry]
 37436 | Abyss:2  | Reached XP level 19. HP: 147/163 MP: 32/32
 37493 | Abyss:2  | Reached skill level 14 in Armour
 37608 | Elf:3    | Escaped the Abyss
 37805 | Elf:3    | Reached skill level 12 in Throwing
 37805 | Elf:3    | Reached skill level 8 in Shields
 37888 | Elf:3    | Identified the +11 trident of Subterfuge {pierce, MP+9}
 38030 | Elf:3    | Noticed Asterion
 38041 | Elf:3    | Killed Asterion
 38102 | Elf:3    | Reached skill level 9 in Dodging
 38135 | Elf:3    | Identified the +9 quarterstaff of Parts Unknown {antimagic,
                  | +Inv rC+ Int+3}
 38138 | Elf:3    | Noticed Nikola
 38150 | Elf:3    | Killed Nikola
 38191 | Elf:3    | Identified the Handbook of Quantum Cold
 38275 | Elf:3    | Identified Ymofar's Disquisition on Summoning and Flames
 38308 | Elf:3    | Identified the Tome of Bewitchment
 38564 | Vaults:1 | Entered Level 1 of the Vaults
 38674 | D:13     | Killed Gorice's ghost
 38759 | D:14     | Killed Roxanne
 39698 | Vaults:1 | You are sucked into a shaft!
 39916 | Vaults:2 | Reached skill level 6 in Evocations
 40381 | Vaults:1 | Reached skill level 9 in Shields
 40630 | Vaults:2 | Reached XP level 20. HP: 173/173 MP: 33/33
 40750 | Vaults:2 | Reached skill level 19 in Invocations
 40881 | Vaults:2 | Reached skill level 14 in Fighting
 41533 | Vaults:2 | Found a staircase to the Crypt.
 41648 | Vaults:2 | Reached skill level 10 in Dodging
 41652 | Vaults:2 | Reached skill level 7 in Evocations
 42080 | Vaults:3 | Noticed Mara
 42080 | Vaults:3 | Noticed Mara
 42080 | Vaults:3 | Noticed Boris
 42080 | Vaults:3 | Noticed Mara
 42081 | Vaults:3 | Noticed mopl's illusion
 42136 | Vaults:3 | Killed Boris
 42136 | Vaults:3 | Reached skill level 13 in Throwing
 42136 | Vaults:3 | Noticed mopl's illusion
 42219 | Vaults:3 | Noticed Margery
 42685 | Vaults:2 | Killed Margery
 42990 | Vaults:3 | Noticed mopl's illusion
 43085 | Vaults:3 | Noticed mopl's illusion
 43095 | Vaults:2 | Noticed mopl's illusion
 43281 | Vaults:2 | Killed Mara
 43567 | Vaults:3 | Reached skill level 10 in Shields
 43599 | Vaults:3 | Reached skill level 8 in Evocations
 43720 | Vaults:3 | Found Fufos's Weapon Emporium.
 44221 | Vaults:4 | Reached skill level 15 in Armour
 44340 | Vaults:4 | Reached XP level 21. HP: 182/182 MP: 34/34
 44638 | Vaults:4 | Found a magical portal.
 44677 | WizLab   | Entered Iskenderun's Mystic Tower
 44934 | WizLab   | Reached skill level 11 in Dodging
 44969 | WizLab   | Identified Iskenderun's Incunabulum of Attacks
 44969 | WizLab   | Identified Iskenderun's Papyrus of Conjuration
 45343 | Vaults:4 | Reached skill level 9 in Evocations
 45346 | Vaults:4 | Reached skill level 20 in Invocations
 45548 | Vaults:4 | Noticed Bai Suzhen
 45572 | Vaults:4 | Killed Bai Suzhen
 45572 | Vaults:4 | Reached skill level 15 in Fighting
 46188 | Crypt:1  | Entered Level 1 of the Crypt
 46485 | Crypt:1  | Reached skill level 11 in Shields
 46580 | Crypt:1  | Noticed Frederick
 46607 | Vaults:2 | Killed Frederick
 46607 | Vaults:2 | Reached XP level 22. HP: 192/192 MP: 36/36
 46792 | Crypt:1  | Reached skill level 14 in Throwing
 47602 | Crypt:2  | Reached skill level 10 in Evocations
 48596 | Crypt:3  | Entered Level 3 of the Crypt
 48788 | Crypt:3  | Identified the +5 dagger "Ypexaj" {pierce, rN+ MP+9 Str-3
                  | Int+4} (You found it on level 3 of the Crypt)
 48821 | Crypt:3  | Noticed Boris
 48843 | Crypt:3  | Killed Boris
 49402 | Crypt:3  | Paralysed by a vampire knight for 6 turns
 49415 | Crypt:3  | Paralysed by a vampire knight for 5 turns
 49803 | Crypt:3  | Reached skill level 12 in Dodging
 49881 | Crypt:3  | Identified Nauqedd's Compendium of the Wumpus
 50032 | Crypt:3  | Found a staircase to the Tomb.
 50032 | Crypt:3  | Noticed an ancient lich
 50042 | Crypt:3  | Killed an ancient lich
 50271 | Crypt:3  | Identified the ring of Wupybrop {rC+ rN+ MR+ Dex+2} (You
                  | found it on level 3 of the Crypt)
 50278 | Crypt:3  | Identified the amulet "Iwenuete" {rN+++ Regen+ Int-5
                  | Stlth+} (You found it on level 3 of the Crypt)
 50279 | Crypt:3  | Identified the ring of Wuufuj {rN+ Str+2} (You found it on
                  | level 3 of the Crypt)
 50483 | Crypt:3  | Found an ancient bone altar of Kikubaaqudgha.
 50485 | Crypt:3  | Noticed an ancient lich
 50503 | Crypt:3  | Killed an ancient lich
 50518 | Crypt:3  | Reached skill level 16 in Armour
 50527 | Crypt:3  | Found the +6 Majin-Bo {vamp, Archmagi MP+6 Int+6}
 50530 | Crypt:3  | Noticed an ancient lich
 50565 | Crypt:3  | Killed an ancient lich
 50584 | Crypt:3  | Learned a level 2 spell: Blink
 50607 | Crypt:3  | Identified the ring "Wiuficet" {rF+ Str+6} (You found it on
                  | level 3 of the Crypt)
 50939 | Vaults:5 | Entered Level 5 of the Vaults
 51012 | Vaults:4 | Reached skill level 21 in Invocations
 51039 | Vaults:4 | Reached XP level 23. HP: 201/201 MP: 37/37
 51133 | Vaults:4 | Reached skill level 11 in Evocations
 51232 | Vaults:4 | Reached skill level 12 in Shields
 51329 | Vaults:5 | Reached skill level 16 in Fighting
 51474 | Vaults:5 | Got a silver rune of Zot
 51700 | Vaults:5 | Found the cursed +14 obsidian axe {chop, +Fly SInv *Curse}
 51880 | Vaults:5 | Reached skill level 1 in Translocations
 52160 | Vaults:5 | Reached skill level 2 in Translocations
 52396 | Vaults:5 | Reached skill level 15 in Throwing
 52435 | Vaults:5 | Identified the +3 leather armour "Hilidwo" {rF+++}
 52509 | Vaults:5 | Reached skill level 3 in Translocations
 52779 | Vaults:5 | Reached skill level 13 in Dodging
 52798 | Vaults:5 | Identified the +3 hunting sling of Blood {speed, *Drain rC+
                  | SInv} (You found it on level 5 of the Vaults)
 52858 | Vaults:5 | Gained mutation: You resist negative energy. (rN+) [demonic
                  | ancestry]
 52858 | Vaults:5 | Reached XP level 24. HP: 212/212 MP: 37/37
 53144 | Vaults:5 | Identified the Compendium of the Quantum Rocks
 53150 | Vaults:5 | Upgraded the game from 0.24-a0-246-gb963c9a to
                  | 0.24-a0-249-g2af7e83
 53441 | Depths:1 | Entered Level 1 of the Depths
 53526 | Depths:1 | Reached skill level 12 in Evocations
 53881 | Depths:1 | Found a gateway to Hell.
 54086 | Depths:1 | Reached skill level 4 in Translocations
 54656 | Depths:2 | Found Potutah's Food Emporium.
 54791 | Depths:2 | Reached skill level 22 in Invocations
 54815 | Depths:2 | Reached skill level 13 in Shields
 55089 | Depths:2 | Reached skill level 5 in Translocations
 55866 | Depths:3 | Reached skill level 17 in Armour
 55970 | Depths:3 | Found Amaori's General Store.
 55985 | Depths:3 | Reached skill level 17 in Fighting
 56002 | Depths:3 | Bought a potion of ambrosia for 136 gold pieces
 56128 | Depths:3 | Gained mutation: When seriously injured, your bleeding
                  | wounds create very thick armour. (AC +12) [demonic
                  | ancestry]
 56128 | Depths:3 | Reached XP level 25. HP: 221/221 MP: 38/38
 56271 | Depths:3 | Found a one-way gate leading to the halls of Pandemonium.
 56348 | Depths:3 | Reached skill level 6 in Translocations
 56356 | Depths:3 | Noticed Boris
 56378 | Depths:3 | Killed Boris
 56445 | Depths:3 | Reached skill level 13 in Evocations
 56790 | Depths:4 | Paralysed by a floating eye for 2 turns
 57115 | Depths:4 | Noticed a juggernaut
 57137 | Depths:4 | Killed a juggernaut
 57155 | Depths:4 | Found a one-way gate to the infinite horrors of the Abyss.
 57564 | Depths:4 | Paralysed by a floating eye for 3 turns
 57568 | Depths:4 | Found a runed translucent door.
 57587 | Depths:4 | Found a runed translucent door.
 57588 | Depths:4 | Found a runed translucent door.
 57613 | Depths:4 | Reached skill level 14 in Dodging
 57627 | Depths:4 | Reached skill level 7 in Translocations
 57688 | Depths:4 | Found a gateway to a ziggurat.
 57786 | Depths:4 | Found a burning altar of Makhleb.
 57787 | Depths:4 | Found a shattered altar of Ashenzari.
 57788 | Depths:4 | Found a deep blue altar of Sif Muna.
 57788 | Depths:4 | Found a shattered altar of Ashenzari.
 57829 | Depths:4 | Noticed a juggernaut
 57845 | Depths:4 | Killed a juggernaut
 57845 | Depths:4 | Reached skill level 16 in Throwing
 57859 | Depths:4 | Found the amulet of the Air {Inacc +Fly rElec EV+5 RMsl}
 58302 | Depths:4 | Identified the +9 lajatang of Infection {holy, rF++ Str+10
                  | Int+4 Stlth-}
 58322 | Depths:4 | Reached skill level 14 in Shields
 58530 | Depths:4 | Gained mutation: You are somewhat able to resist unholy
                  | torments (1 in 2 success). [demonic ancestry]
 58530 | Depths:4 | Reached XP level 26. HP: 229/229 MP: 38/38
 58618 | Depths:4 | Found a runed translucent door.
 58800 | Depths:4 | Reached skill level 8 in Translocations
 58815 | Depths:4 | Reached skill level 23 in Invocations
 58826 | Depths:4 | Paralysed by a floating eye for 2 turns
 58971 | Depths:4 | Found a deep blue altar of Sif Muna.
 59444 | Depths:5 | Entered Level 5 of the Depths
 59482 | Depths:5 | Reached skill level 14 in Evocations
 60174 | Depths:5 | Noticed Boris
 60185 | Depths:5 | Killed Boris
 60185 | Depths:5 | Reached skill level 18 in Fighting
 60316 | Depths:5 | Found a gate to the Realm of Zot.
 60429 | Depths:3 | Bought an uncursed ring of resist corrosion for 340 gold
                  | pieces
 60429 | Depths:3 | Bought a scroll of immolation for 59 gold pieces
 60671 | Slime:1  | Entered Level 1 of the Pits of Slime
 60694 | Slime:1  | Gained mutation: Scrolls take you a little longer to read.
                  | [a shining eye]
 60744 | Slime:1  | Gained mutation: Your body sometimes deteriorates upon
                  | taking damage. [a shining eye]
 60841 | Slime:4  | Reached skill level 9 in Translocations
 60856 | Slime:4  | Reached skill level 18 in Armour
 60873 | Slime:5  | Entered Level 5 of the Pits of Slime
 60982 | Slime:5  | Found a viscous altar of Jiyva.
 60993 | Slime:5  | Noticed the Royal Jelly
 61005 | Slime:5  | Killed the Royal Jelly
 61021 | Slime:5  | Noticed Dissolution
 61030 | Slime:5  | Killed Dissolution
 61030 | Slime:5  | Gained mutation: Your melee attacks may debilitate your
                  | foes. [demonic ancestry]
 61030 | Slime:5  | Reached XP level 27. HP: 237/239 MP: 38/38
 61117 | Slime:5  | Got a warped ivory amulet
 61120 | Slime:5  | Identified the amulet "Xaokorhi" {Reflect rF+ SH+4 Stlth+}
                  | (You found it on level 5 of the Pits of Slime)
 61123 | Slime:5  | Got a slimy rune of Zot
 61124 | Slime:5  | Identified the Papyrus of Mutagenic Boosts
 61402 | Lair:1   | Lost mutation: You are robust. (+10% HP) [potion of
                  | mutation]
 61402 | Lair:1   | Lost mutation: Scrolls take you a little longer to read.
                  | [potion of mutation]
 61402 | Lair:1   | Gained mutation: You expend magic power (3 MP) to
                  | strengthen your wands. [potion of mutation]
 61402 | Lair:1   | Gained mutation: You have sharp fingernails. [potion of
                  | mutation]
 61402 | Lair:1   | Gained mutation: You are covered in fur. (AC +1) [potion of
                  | mutation]
 61403 | Lair:1   | Lost mutation: You are clumsy. (Dex -2) [potion of
                  | mutation]
 61403 | Lair:1   | Lost mutation: You are covered in fur. (AC +1) [potion of
                  | mutation]
 61403 | Lair:1   | Lost mutation: You have sharp fingernails. [potion of
                  | mutation]
 61403 | Lair:1   | Gained mutation: You evolve. [potion of mutation]
 61403 | Lair:1   | Gained mutation: Your muscles are strong. (Str +2) [potion
                  | of mutation]
 61502 | D:5      | Lost mutation: You expend magic power (3 MP) to strengthen
                  | your wands. [evolution]
 61920 | Zot:1    | Entered Level 1 of the Realm of Zot
 61937 | Zot:1    | Reached skill level 15 in Dodging
 62458 | Zot:1    | Reached skill level 15 in Shields
 62500 | Zot:1    | Reached skill level 17 in Throwing
 62547 | Zot:1    | Reached skill level 15 in Evocations
 62577 | Zot:1    | Reached skill level 10 in Translocations
 63220 | Zot:2    | Reached skill level 24 in Invocations
 63553 | Zot:2    | Identified the +0 buckler "Rulach" {MR+ Int+4} (You
                  | acquired it on level 2 of the Realm of Zot)
 64002 | Zot:3    | Identified the +1 plate armour of the Ninety-Nine Tables
                  | {rCorr Str-3 Dex+2} (You found it on level 3 of the Realm
                  | of Zot)
 64420 | Zot:3    | Reached skill level 19 in Fighting
 64479 | Zot:3    | Reached skill level 11 in Translocations
 64643 | Zot:3    | You are sucked into a shaft!
 65122 | Zot:4    | Reached skill level 16 in Dodging
 65210 | Zot:4    | Noticed a juggernaut
 65210 | Zot:4    | a Killer Klown changed into a juggernaut
 65213 | Zot:4    | Killed a juggernaut
 65213 | Zot:4    | Reached skill level 19 in Armour
 65617 | Zot:5    | Entered Level 5 of the Realm of Zot
 65777 | Zot:5    | Reached skill level 25 in Invocations
 66238 | Zot:5    | Noticed an ancient lich
 66251 | Zot:5    | Killed an ancient lich
 66253 | Zot:5    | Reached skill level 12 in Translocations
 66282 | Zot:5    | Noticed an orb of fire
 66288 | Zot:5    | Gained mutation: You tend to lose your temper in combat.
                  | [an orb of fire]
 66299 | Zot:5    | Gained mutation: You often lose your temper in combat. [an
                  | orb of fire]
 66304 | Zot:5    | Gained mutation: You are dopey. (Int -2) [an orb of fire]
 66305 | Zot:5    | Killed an orb of fire
 66840 | Hell     | Entered the Vestibule of Hell
 66840 | Hell     | Noticed Geryon
 67046 | Hell     | Cast into level 2 of the Abyss (hell knight)
 67155 | Abyss:2  | Found a corrupted altar of Lugonu.
 67376 | Abyss:2  | Reached skill level 26 in Invocations
 67528 | Abyss:3  | Identified the +5 scale mail of Taphent {rN+ Str-3 Int+4}
                  | (You found it on level 3 of the Abyss)
 67901 | Abyss:3  | Paralysed by accursed screaming for 1 turns
 67916 | Abyss:3  | Reached skill level 20 in Fighting
 68410 | Abyss:3  | Paralysed by accursed screaming for 1 turns
 68543 | Abyss:3  | Gained mutation: Your magical capacity is low. (-10% MP) [a
                  | neqoxec]
 68605 | Abyss:3  | Found a corrupted altar of Lugonu.
 68617 | Abyss:3  | Reached skill level 27 in Invocations
 68685 | Abyss:3  | Reached skill level 20 in Armour
 68866 | Abyss:3  | Gained mutation: Armour fits poorly on your strangely
                  | shaped body. [a neqoxec]
 68869 | Abyss:3  | Gained mutation: Scrolls take you a little longer to read.
                  | [a neqoxec]
 68946 | Abyss:3  | Noticed an ancient lich
 68959 | Abyss:3  | Killed an ancient lich
 69078 | Abyss:4  | Found a corrupted altar of Lugonu.
 69093 | Abyss:4  | Found a corrupted altar of Lugonu.
 69226 | Abyss:4  | Found a hazy altar of Hepliaklqana.
 69407 | Abyss:5  | Entered Level 5 of the Abyss
 69407 | Abyss:5  | Entered Level 5 of the Abyss
 69647 | Abyss:5  | Paralysed by accursed screaming for 1 turns
 69662 | Abyss:5  | Paralysed by accursed screaming for 1 turns
 70415 | Abyss:5  | Found a corrupted altar of Lugonu.
 70417 | Abyss:5  | Got an abyssal rune of Zot
 70422 | Abyss:5  | Paralysed by accursed screaming for 2 turns
 70571 | Hell     | Escaped the Abyss
 70574 | Depths:1 | Reached skill level 17 in Dodging
 70595 | Hell     | Found a gateway to the freezing wastes of Cocytus.
 70641 | Hell     | Killed Geryon
 70644 | Hell     | Reached skill level 18 in Throwing
 71170 | Zot:5    | Noticed an orb of fire
 71176 | Zot:5    | Gained mutation: You have an uncontrollable temper. [an orb
                  | of fire]
 71180 | Zot:5    | Noticed an ancient lich
 71207 | Zot:5    | Noticed an orb of fire
 71210 | Zot:5    | Gained mutation: You are clumsy. (Dex -2) [an orb of fire]
 71228 | Zot:5    | Killed an orb of fire
 71228 | Zot:5    | Reached skill level 21 in Fighting
 71238 | Zot:5    | Killed an ancient lich
 71251 | Zot:5    | Gained mutation: You are occasionally teleported next to
                  | monsters. [an orb of fire]
 71252 | Zot:5    | Killed an orb of fire
 71252 | Zot:5    | Noticed an orb of fire
 71253 | Zot:5    | Gained mutation: You occasionally shout uncontrollably at
                  | your foes. [an orb of fire]
 71253 | Zot:5    | Gained mutation: Your magical capacity is very low. (-20%
                  | MP) [an orb of fire]
 71257 | Zot:5    | Noticed an orb of fire
 71273 | Zot:5    | Learned a level 3 spell: Portal Projectile
 71279 | Zot:5    | Killed an orb of fire
 71293 | Zot:5    | Noticed an orb of fire
 71303 | Zot:5    | Reached skill level 1 in Hexes
 71305 | Zot:5    | Killed an orb of fire
 71305 | Zot:5    | Reached skill level 21 in Armour
 71308 | Zot:5    | Gained mutation: You sometimes yell uncontrollably at your
                  | foes. [an orb of fire]
 71318 | Zot:5    | Killed an orb of fire
 71318 | Zot:5    | Reached skill level 2 in Hexes
 71344 | Zot:5    | Lost mutation: Scrolls take you a little longer to read.
                  | [potion of mutation]
 71344 | Zot:5    | Lost mutation: You are occasionally teleported next to
                  | monsters. [potion of mutation]
 71344 | Zot:5    | Lost mutation: You are clumsy. (Dex -2) [potion of
                  | mutation]
 71344 | Zot:5    | Gained mutation: You are occasionally teleported next to
                  | monsters. [potion of mutation]
 71344 | Zot:5    | Lost mutation: You are dopey. (Int -2) [potion of mutation]
 71345 | Zot:5    | Lost mutation: Your magical capacity is very low. (-20% MP)
                  | [potion of mutation]
 71345 | Zot:5    | Lost mutation: Your body sometimes deteriorates upon taking
                  | damage. [potion of mutation]
 71345 | Zot:5    | Gained mutation: You rapidly evolve. [potion of mutation]
 71346 | Zot:5    | Lost mutation: Your muscles are strong. (Str +2) [potion of
                  | mutation]
 71346 | Zot:5    | Lost mutation: You sometimes yell uncontrollably at your
                  | foes. [potion of mutation]
 71346 | Zot:5    | Lost mutation: You occasionally shout uncontrollably at
                  | your foes. [potion of mutation]
 71346 | Zot:5    | Lost mutation: Your magical capacity is low. (-10% MP)
                  | [potion of mutation]
 71346 | Zot:5    | Gained mutation: You are covered in fur. (AC +1) [potion of
                  | mutation]
 71346 | Zot:5    | Gained mutation: Your flesh is very cold resistant. (rC++)
                  | [potion of mutation]
 71514 | Zot:5    | Lost mutation: You have an uncontrollable temper. [potion
                  | of mutation]
 71514 | Zot:5    | Lost mutation: You rapidly evolve. [potion of mutation]
 71514 | Zot:5    | Lost mutation: You often lose your temper in combat.
                  | [potion of mutation]
 71514 | Zot:5    | Lost mutation: Armour fits poorly on your strangely shaped
                  | body. [potion of mutation]
 71514 | Zot:5    | Gained mutation: You have sharp toenails. [potion of
                  | mutation]
 71514 | Zot:5    | Gained mutation: Your spells are a little easier to cast,
                  | but a little less powerful. [potion of mutation]
 71514 | Zot:5    | Gained mutation: You have razor-sharp toenails. [potion of
                  | mutation]
 71515 | Zot:5    | Lost mutation: You have razor-sharp toenails. [potion of
                  | mutation]
 71515 | Zot:5    | Lost mutation: You are covered in fur. (AC +1) [potion of
                  | mutation]
 71515 | Zot:5    | Lost mutation: You are occasionally teleported next to
                  | monsters. [potion of mutation]
 71515 | Zot:5    | Gained mutation: You are clumsy. (Dex -2) [potion of
                  | mutation]
 71515 | Zot:5    | Gained mutation: You can translocate small distances at
                  | will. [potion of mutation]
 71516 | Zot:5    | Lost mutation: You are clumsy. (Dex -2) [potion of
                  | mutation]
 71516 | Zot:5    | Lost mutation: Your flesh is very cold resistant. (rC++)
                  | [potion of mutation]
 71516 | Zot:5    | Gained mutation: You are robust. (+10% HP) [potion of
                  | mutation]
 71516 | Zot:5    | Lost mutation: You are robust. (+10% HP) [potion of
                  | mutation]
 71516 | Zot:5    | Lost mutation: You tend to lose your temper in combat.
                  | [potion of mutation]
 71516 | Zot:5    | Gained mutation: You expend magic power (3 MP) to
                  | strengthen your wands. [potion of mutation]
 71570 | Zot:5    | Reached skill level 3 in Hexes
 71912 | Zot:5    | Reached skill level 4 in Hexes
 72332 | Zot:5    | Got the Orb of Zot
 72352 | Zot:5    | Noticed Yjopp the pandemonium lord
 72352 | Zot:5    | Noticed an ancient lich
 72394 | Zot:5    | HP: 4/229 [ancient lich/crystal spear[Yjopp] (98)]
 72394 | Zot:5    | Blown up by a cacodemon

Levels and vault maps discovered:
D:1:      lightli_molten_gateway, layout_basic
D:2:      layout_loops_ring, elyvilon_altar_5
D:3:      layout_basic, grunt_temple_overflow_magic_moments,
          lemuel_doored_altar, old_standard_altar, first_ration, uniq_terence
D:4:      layout_loops_corners, serial_shops, nicolae_shop_trees,
          due_unseen_surprise
D:5:      layout_rooms, kennysheep_little_box, temple_statues,
          portal_sewer_entry_f, uniq_menkaure, uniq_blork_the_orc, uniq_grinder
D:6:      layout_cave_pools, overflow_temple_1_default
D:7:      layout_loops_ring, nicolae_tso_carved_into_rock, grunt_livestock,
          st_stairs_4
D:8:      layout_loops_ring, grunt_temple_overflow_open, lightli_temple_of_fire,
          gammafunk_ghost_hydra_chop, serial_shops, shop,
          kennysheep_pointless_box, hangedman_decor_riveting
D:9:      layout_basic
D:10:     layout_layer_cave, minmay_lair_entry_grove, david_orc_2, uniq_psyche
D:11:     layout_irregular_city, serial_shops, kennysheep_mini
D:12:     layout_basic, uniq_rupert
D:13:     layout_stronghold, lightli_vaults_fourway_checkpoint,
          gammafunk_ghost_hydra_chop, hangedman_decor_growths, st_stairs_7
D:14:     layout_irregular_city, serial_park_square1
          [serial_park_minivault_5x5_7], uniq_roxanne
D:15:     grunt_enter_depths_giant_problem, layout_loops_cross,
          ebering_dispersal_statue_hall, basic_altar, minivault_11, drop_trap,
          minmay_fractal_squares_diagonal_5, uniq_agnes
Temple:   zaba_magenta_temple
Lair:1:   layout_loops_ring, lemuel_fruit_tree
Lair:2:   layout_regular_city, uniq_sonja
Lair:3:   layout_loops_ring, spider_nest_entry_rubble,
          grunt_forest_stairs_basic, beast_lair_carwin_8
Lair:4:   layout_gridlike, swamp_mist, basic_altar
Lair:5:   layout_regular_city, slime_altar_1, basic_altar
Lair:6:   minmay_lair_end_enchanted_forest, layout_gridlike,
          serial_bayou_shore_a, uniq_urug, uniq_kirke
Swamp:1:  layout_basic_swamp, evilmike_swamp_ruin_rubble_1
Swamp:2:  layout_basic_swamp, basic_altar, swamp_pool1,
          infiniplex_staircase_pool_2, uniq_jorgrun
Swamp:3:  layout_basic_swamp, nicolae_swamp_stair_fork
Swamp:4:  swamp_old_school, layout_basic_swamp, swamp_pool4, uniq_donald
Spider:1: layout_spider_delve
Spider:2: layout_spider_delve
Spider:3: layout_chambers
Spider:4: spider_rune_water, nicolae_spider_cling_ruins
Slime:1:  layout_caves
Slime:2:  layout_caves
Slime:3:  layout_caves, nicolae_slime_phagocytosis
Slime:4:  layout_caves
Slime:5:  uniq_dissolution
Orc:1:    layout_caves, portal_ice_cave_entry_animals_and_master
Orc:2:    grunt_orc_cross, layout_caves
Elf:1:    minmay_elf_arrival_plus, layout_loops_corners, serial_shops,
          shop_coins, minivault_28
Elf:2:    layout_geoelf_octagon
Elf:3:    grunt_elf_hall_asides, layout_loops_corners, serial_sigils,
          serial_sigils_hangedman_confine, serial_sigils_hangedman_etch,
          serial_sigils_hangedman_gut, serial_sigils_hangedman_scar,
          serial_sigils_hangedman_gut, uniq_louise, uniq_asterion, uniq_nikola
Vaults:1: grunt_vaults_bifocal, ontoclasm_vaults_claustrophobia,
          nicolae_vaults_network_square, nicolae_vaults_network_quinsquares
          [nicolae_vaults_network_quincunx_subvault,
          nicolae_vaults_network_quincunx_subvault,
          nicolae_vaults_network_quincunx_subvault,
          nicolae_vaults_network_quincunx_subvault], nicolae_vaults_little_ls,
          hangedman_vaults_nails, v_misc_28, v_misc_18, dpeg_vaults_monster_row,
          st_quartered_hall, ontoclasm_vaults_decontamination,
          grunt_vaults_hallway_long, layout_vaults_omnibox
Vaults:2: v_misc_15, minmay_crypt_entry_skeletal_spiral,
          hangedman_vaults_stagger, nicolae_vaults_alarming,
          nicolae_vaults_border_crossing, nicolae_vaults_asterisk,
          vaults_room_large_hall, grunt_vaults_funnel, layout_vaults_omnigrid
Vaults:3: dpeg_vaults_monster_box, hangedman_vaults_stream, v_rooms_4,
          vaults_mumra_minichess, nicolae_vaults_network_star,
          nicolae_vaults_stairing_the_circle, vaults_room_semicircle,
          layout_vaults_big_cross, uniq_margery, uniq_boris, uniq_mara
Vaults:4: vaults_dpeg_cross, ontoclasm_vaults_ligature, v_misc_3, v_misc_22,
          vaults_dpeg_diagonal, hangedman_vaults_stitches, v_misc_14,
          ontoclasm_vaults_fault, vaults_standard_mumra_enter_the_diamond,
          v_rooms_1, vaults_room_door_hall, layout_vaults_big_room,
          lightli_enter_wizlab_magi_temple, uniq_bai_suzhen
Vaults:5
Crypt:1:  statuecave_lemuel, layout_misc_corridors, hex_large, st_stairs_14,
          uniq_frederick
Crypt:2:  layout_basic, grunt_ministairs_8, minivault_24
Crypt:3:  quadcrypt_mu
Depths:1: layout_big_octagon, kennysheep_small_spiral, hell_entry,
          wad_floor_pattern_1, kennysheep_diamond, st_stairs_13,
          grunt_ministairs_13, minmay_misc_feat_encased, minivault_22,
          grunt_tough_drop
Depths:2: hangedman_arrow_trap, layout_gridville, hell_entry, serial_shops,
          nicolae_shop_behind_doors, roderic_lattice_octagonal_star,
          minmay_staircase_statues
Depths:3: minmay_inner_zag, layout_cave_pools, kennysheep_cross_room,
          serial_shops, shop, pf_hell_entry_tar_spiral, grunt_pan_entry_zigzag
Depths:4: minmay_the_grid_ultimate [minmay_the_grid_prize_shrinking_boxes,
          minmay_the_grid_prize_four_corners_diamond_a,
          minmay_the_grid_prize_trominoes, minmay_the_grid_prize_big_room,
          minmay_the_grid_square_5x5_detours, minmay_the_grid_square_5x5_lines,
          minmay_the_grid_square_5x5_fancy_junction,
          minmay_the_grid_square_5x5_v, minmay_the_grid_square_5x5_dogpile,
          minmay_the_grid_square_5x5_two_walls_b,
          minmay_the_grid_square_5x5_n_small,
          minmay_the_grid_square_5x5_percent,
          minmay_the_grid_square_5x5_beaten_path,
          minmay_the_grid_square_5x5_empty, minmay_the_grid_square_5x5_n,
          minmay_the_grid_square_5x5_checkered_statues,
          minmay_the_grid_square_5x5_shrine2,
          minmay_the_grid_square_5x5_inner_i, minmay_the_grid_square_5x5_meh,
          minmay_the_grid_triangle_9x9_minimal,
          minmay_the_grid_triangle_9x9_alien,
          minmay_the_grid_triangle_9x9_swiss_cheese,
          minmay_the_grid_triangle_9x9_pentomino_pain,
          minmay_the_grid_triangle_9x9_zippers_vertical,
          minmay_the_grid_triangle_9x9_fully_insulated_deathbox,
          minmay_the_grid_triangle_9x9_thin_v,
          minmay_the_grid_triangle_9x9_semitri,
          minmay_the_grid_triangle_9x9_sprig,
          minmay_the_grid_triangle_9x9_intruding_spiral,
          minmay_the_grid_triangle_9x9_zippers_horizontal,
          minmay_the_grid_triangle_9x9_checkered,
          minmay_the_grid_triangle_9x9_windchime,
          minmay_the_grid_triangle_9x9_subtriangle,
          minmay_the_grid_triangle_9x9_wacky_v,
          minmay_the_grid_triangle_9x9_negative_grid,
          minmay_the_grid_square_5x5_tie, minmay_the_grid_octo_shrine,
          minmay_the_grid_octo_tetromino_candy, minmay_the_grid_octo_clover_2,
          minmay_the_grid_octo_pinwheel, minmay_the_grid_octo_vomiting_pacman,
          minmay_the_grid_octo_checkered, minmay_the_grid_octo_clover,
          minmay_the_grid_octo_empty, minmay_the_grid_box_x,
          minmay_the_grid_pillar_ring, minmay_the_grid_rooms,
          minmay_the_grid_dragon_b], hell_entry, abyss_entry
Depths:5: grunt_zot_entry_alcove, layout_honeycomb, rand_demon_pan_entry_3,
          serial_glass, glass_columns_c, glass_columns_b, glass_columns_a,
          glass_columns_a, glass_columns_b, glass_columns_a, glass_columns_b,
          glass_columns_b, hex_tiny, hell_entry
Hell
Zot:1:    grunt_zot_stairs_overgrown, layout_onion_interference, zot_minivault_5
Zot:2:    kennysheep_blocky_room, layout_onion_interference
Zot:3:    layout_gridlike, hangedman_zot_wheel_spokes
Zot:4:    kennysheep_oblong_rooms, layout_twisted_circle
Zot:5:    layout_misc_corridors
Abyss:2:  serial_sigils_hangedman_shear
Abyss:3:  abyss_furniture_001, hangedman_abyss_or_decor_stagger
Abyss:4:  minivault_25_ag, due_evilmike_abyss_rune_seething_liches,
          evilmike_abyss_exit_8, hangedman_decor_peaks_small,
          hangedman_abyss_or_decor_passed
Abyss:5:  evilmike_abyss_exit_kraken, grunt_abyss_rune_forest_and_sorcery,
          evilmike_abyss_exit_16, minivault_4
Sewer:    kennysheep_pipe_town
IceCv:    ice_cave_tombish
WizLab:   wizlab_iskenderun

Skill      XL: |  1  2  3  4  5  6  7  8  9 10 11 12 13 14 15 16 17 18 19 20 21 22 23 24 25 26 27 |
---------------+----------------------------------------------------------------------------------+-----
Maces & Flails | 2 3 4 5 7 8 9 10 12 13 14 15 16 | 16.0
Armour         | 3 5 6 7 8 9 10 11 12 13 14 15 16 17 18 21 | 21.2
Invocations    | 2 5 7 9 11 12 13 14 15 16 17 18 19 20 21 22 23 27 | 27.0
Throwing       | 3 5 6 7 9 10 11 12 13 14 15 16 18 | 18.6
Fighting       | 4 6 7 8 10 11 12 13 14 15 16 17 18 21 | 21.4
Evocations     | 4 5 6 8 9 10 11 12 13 14 15 | 15.0
Dodging        | 2 5 7 8 9 10 11 12 13 14 17 | 17.7
Shields        | 4 6 7 9 10 11 12 13 14 15 | 15.0
Translocations | 3 5 7 9 12 | 12.0
Hexes          | 4 |  4.8

Action                   |  1- 3 |  4- 6 |  7- 9 | 10-12 | 13-15 | 16-18 | 19-21 | 22-24 | 25-27 || total
-------------------------+-------+-------+-------+-------+-------+-------+-------+-------+-------++-------
Melee: Flail             |   140 |   193 |    56 |       |       |       |       |       |       ||   389
       Whip              |       |    83 |   471 |  1150 |   443 |       |       |       |       ||  2147
       Headbutt          |       |       |    99 |   325 |   449 |   509 |   560 |   616 |  1408 ||  3966
       Spear             |       |       |    13 |       |       |       |       |       |       ||    13
       Dire flail        |       |       |       |   364 |     4 |       |       |       |       ||   368
       Eveningstar       |       |       |       |       |  1745 |  2651 |  2130 |  2369 |  4798 || 13693
       Unarmed           |       |       |       |       |     7 |       |       |       |       ||     7
       War axe           |       |       |       |       |       |     2 |       |       |       ||     2
Throw: Tomahawk          |       |     1 |     2 |    22 |    44 |    69 |    34 |    23 |    27 ||   222
       Throwing net      |       |       |       |       |       |       |     2 |       |       ||     2
       Javelin           |       |       |       |       |       |       |       |       |    23 ||    23
 Cast: Blink             |       |       |       |       |       |       |       |     1 |     6 ||     7
       Apportation       |       |       |       |       |       |       |       |     1 |     1 ||     2
       Portal Projectile |       |       |       |       |       |       |       |       |     2 ||     2
Invok: Lesser Servant of |       |       |       |     2 |     2 |     2 |       |       |       ||     6
       Major Destruction |       |       |       |     2 |       |     6 |     2 |       |       ||    10
       Greater Servant o |       |       |       |       |     2 |     9 |    10 |     2 |     7 ||    30
       Minor Destruction |       |       |       |       |       |     2 |       |       |       ||     2
 Abil: Evoke Invisibilit |       |       |       |       |       |       |       |       |     8 ||     8
Evoke: Wand              |       |     1 |       |    15 |    11 |     8 |    12 |     1 |     3 ||    51
       Lamp of fire      |       |       |       |       |     1 |     2 |     2 |       |     3 ||     8
       Fan of gales      |       |       |       |       |       |     1 |     1 |       |       ||     2
       Lightning rod     |       |       |       |       |       |       |     8 |       |       ||     8
       Phial of floods   |       |       |       |       |       |       |     1 |       |       ||     1
       Box of beasts     |       |       |       |       |       |       |       |       |     6 ||     6
       Phantom mirror    |       |       |       |       |       |       |       |       |     1 ||     1
  Use: Potion            |       |     5 |     1 |       |     5 |     2 |     3 |     1 |    18 ||    35
       Scroll            |       |     5 |     2 |     8 |    17 |    14 |    20 |    13 |    20 ||    99
 Stab: Invisible         |       |     1 |       |       |       |       |       |       |    31 ||    32
       Confused          |       |       |       |       |     3 |       |       |       |       ||     3
       Distracted        |       |       |       |       |     1 |     2 |       |     1 |     6 ||    10
       Paralysed         |       |       |       |       |       |       |     9 |     2 |       ||    11
  Eat: Chunk             |       |    11 |    19 |    30 |    48 |    40 |    22 |    21 |    18 ||   209
       Ration            |       |       |     2 |     1 |       |       |     2 |     7 |    14 ||    26
Armor: Scale mail        |    80 |    42 |       |       |       |       |       |       |       ||   122
       Gold dragon scale |       |   139 |   366 |   899 |  1652 |  2674 |  1253 |  1515 |  2438 || 10936
       Skin              |       |    12 |     3 |       |     2 |       |       |       |       ||    17
Dodge: Dodged            |    34 |    31 |    40 |   159 |   408 |   611 |   561 |   811 |  3401 ||  6056
       Deflected         |       |       |     4 |     6 |    28 |    16 |    52 |    47 |   112 ||   265
Block: Shield            |    74 |    83 |       |       |       |  1145 |  1011 |  1308 |  3376 ||  6997
       Reflection        |       |       |       |       |       |    20 |    55 |    84 |    56 ||   215

Table legend:
 A = Non-vault XP
 B = Vault XP
 C = Vault XP percentage of total XP
 D = Non-vault monster count
 E = Vault monster count
 F = Vault count percentage of total count
                 A         B        C        D         E       F
            +---------+---------+-------+---------+---------+-------
      Total | 1214081 | 1024613 |  45.8 |    2356 |    1017 |  30.2
            +---------+---------+-------+---------+---------+-------
        D:1 |      25 |       0 |   0.0 |      12 |       0 |   0.0
        D:2 |     127 |       0 |   0.0 |      28 |       0 |   0.0
        D:3 |     126 |      38 |  23.2 |      13 |       1 |   7.1
        D:4 |     245 |       0 |   0.0 |      18 |       0 |   0.0
        D:5 |     255 |     327 |  56.2 |      15 |       8 |  34.8
        D:6 |     560 |       0 |   0.0 |      15 |       0 |   0.0
        D:7 |     832 |    1019 |  55.1 |      17 |       6 |  26.1
        D:8 |    3597 |    1898 |  34.5 |      37 |       2 |   5.1
        D:9 |    2250 |       3 |   0.1 |      44 |       1 |   2.2
       D:10 |    3059 |    2301 |  42.9 |      27 |      20 |  42.6
       D:11 |    4792 |       0 |   0.0 |      33 |       0 |   0.0
       D:12 |    2836 |    1531 |  35.1 |      19 |       1 |   5.0
       D:13 |    5369 |    8593 |  61.5 |      32 |      16 |  33.3
       D:14 |   13309 |    1934 |  12.7 |      60 |       1 |   1.6
       D:15 |   10069 |    6368 |  38.7 |      43 |      10 |  18.9
     Lair:1 |     723 |       0 |   0.0 |       4 |       0 |   0.0
     Lair:2 |    4720 |     129 |   2.7 |      18 |       1 |   5.3
     Lair:3 |    2266 |    3610 |  61.4 |      10 |      10 |  50.0
     Lair:4 |    2996 |       0 |   0.0 |      12 |       0 |   0.0
     Lair:5 |    2924 |    3037 |  50.9 |      13 |       6 |  31.6
     Lair:6 |   15850 |    9729 |  38.0 |      45 |      49 |  52.1
    Swamp:1 |    7848 |       0 |   0.0 |      20 |       0 |   0.0
    Swamp:2 |    7441 |    3004 |  28.8 |      23 |       1 |   4.2
    Swamp:3 |   17849 |       0 |   0.0 |      47 |       0 |   0.0
    Swamp:4 |   13049 |   20254 |  60.8 |      34 |      25 |  42.4
   Spider:1 |   19191 |       0 |   0.0 |      65 |       0 |   0.0
   Spider:2 |   18541 |       0 |   0.0 |      59 |       0 |   0.0
   Spider:3 |    8838 |       0 |   0.0 |      21 |       0 |   0.0
   Spider:4 |   12973 |   21691 |  62.6 |      44 |      39 |  47.0
    Slime:1 |   13772 |       0 |   0.0 |      23 |       0 |   0.0
    Slime:2 |    7623 |       0 |   0.0 |      14 |       0 |   0.0
    Slime:4 |    7964 |       0 |   0.0 |      17 |       0 |   0.0
    Slime:5 |    7543 |   49431 |  86.8 |      15 |      16 |  51.6
      Orc:1 |    4815 |    4146 |  46.3 |      49 |      12 |  19.7
      Orc:2 |    7180 |    7655 |  51.6 |      58 |      34 |  37.0
      Elf:1 |   15573 |    7364 |  32.1 |      25 |      13 |  34.2
      Elf:2 |   16963 |    3190 |  15.8 |      27 |       5 |  15.6
      Elf:3 |    2932 |   43852 |  93.7 |       5 |      35 |  87.5
   Vaults:1 |   23621 |   27238 |  53.6 |      49 |      39 |  44.3
   Vaults:2 |   51964 |   40139 |  43.6 |      80 |      42 |  34.4
   Vaults:3 |   11488 |   39710 |  77.6 |      21 |      49 |  70.0
   Vaults:4 |   57696 |   49637 |  46.2 |      78 |      42 |  35.0
   Vaults:5 |   38993 |   80868 |  67.5 |      60 |      58 |  49.2
    Crypt:1 |   21517 |       0 |   0.0 |      51 |       0 |   0.0
    Crypt:2 |   30426 |    5659 |  15.7 |      44 |       9 |  17.0
    Crypt:3 |    3875 |   65498 |  94.4 |       1 |      81 |  98.8
   Depths:1 |   39227 |   17219 |  30.5 |      59 |      23 |  28.0
   Depths:2 |   53767 |   17215 |  24.3 |      63 |      12 |  16.0
   Depths:3 |   53477 |    9673 |  15.3 |      61 |      17 |  21.8
   Depths:4 |       0 |  186013 | 100.0 |       0 |     133 | 100.0
   Depths:5 |   49738 |   23163 |  31.8 |      38 |      16 |  29.6
       Hell |   16052 |   17936 |  52.8 |      23 |      28 |  54.9
      Zot:1 |   62160 |   23094 |  27.1 |      44 |      12 |  21.4
      Zot:2 |   39047 |   17746 |  31.2 |      24 |       8 |  25.0
      Zot:3 |   31593 |       0 |   0.0 |      21 |       0 |   0.0
      Zot:4 |   62667 |    7166 |  10.3 |      30 |       7 |  18.9
      Zot:5 |   27357 |  157455 |  85.2 |      18 |      42 |  70.0
    Abyss:2 |   38312 |       0 |   0.0 |      67 |       0 |   0.0
    Abyss:3 |   91001 |       0 |   0.0 |     200 |       0 |   0.0
    Abyss:4 |   36781 |     179 |   0.5 |      65 |       1 |   1.5
    Abyss:5 |  106297 |    1440 |   1.3 |     198 |       7 |   3.4
      Sewer |       0 |     244 | 100.0 |       0 |      24 | 100.0
      IceCv |       0 |    3599 | 100.0 |       0 |      18 | 100.0
     WizLab |       0 |   32618 | 100.0 |       0 |      37 | 100.0
            +---------+---------+-------+---------+---------+-------
